Description

This build comes from TY vs Neeb on Blueshift in the WCS Global Finals Group Stage.

Proxy is considered the standard strategy in TvP now (read this article for an in depth discussion). While the TvP proxy strategy is labelled by Blizzard as too varied for Protoss to handle, it requires players to be very knowledgeable in many aspects of the game and are able to make decisions on the fly. Hence, while proxy appears to be a "standard" strategy in the pro scene, it is not too appealing for an average Terran player on ladder. Nevertheless, we can utilize the metagame knowledge that Protoss expect Terran to proxy. The build uses a fake proxy opening, which places the production buildings near Terran's base but they are hidden from Protoss at the same time. Then, it shapes up to a Cyclone timing attack with Widow Mine support.

This build is take from the October entry of the Metagame Build Order series from TerranCraft.

VOD

https://www.youtube.com/watch?v=VKAG-QsdBFE&t=2498

Build Order

Get SALT Encoding   

  12  0:00  SCV  
  13  0:12  SCV  
  14  0:17  Supply Depot  
  14  0:24  SCV  
  15  0:38  SCV  
  16  0:40  Barracks  Hidden behind minerals at the natural as a fake proxy
  16  0:45  Refinery  
  16  0:50  SCV  
  17  0:54  Refinery  
  17  1:03  SCV  
  18  1:15  SCV  
  19  1:27  Orbital Command, Reaper  
  20  1:43  Factory  Also hidden at the natural
  20  1:47  Supply Depot  pull 2 SCVs off of gas
  20  1:55  SCV  
  21  2:04  Barracks Reactor  
  21  2:07  SCV  
  22  2:19  SCV  
  23  2:26  Cyclone  Swap Reactor onto the Factory when done
  26  2:32  Command Center  put SCVs back into gas
  26  2:38  Supply Depot  
  28  2:59  Marine  
  29  3:06  Cyclone x2  
  35  3:12  Supply Depot  
  35  3:17  Marine  Continuous Marine production from here
  38  3:37  Cyclone x2  
  44  3:45  Orbital Command  
  47  4:09  Widow Mine x2  Push out 5 Cyclones, Marines, and 7 SCVs to repair
  54  4:27  Supply Depot  
  55  4:31  Widow Mine x2  
  61  4:43  Bunker  Put a Bunker down in range of the Nexus if possible
Spawning Tool Build Advisor. Get it on Overwolf

Analysis

The opening is very similar to the double Refinery expand in TvT, whereby you take two early gas for Factory tech then pull Scvs off gas to expand. This build is also comparable to the mass Cyclone build in TvT.

The twist to this build in TvP is the reinforcement of Widow Mines, whose effectiveness is best illustrated by thinking from Protoss' perspective. Protoss' answer to a Cyclone attack is to use Shield Battery to sustain Immortals and Stalkers in a face-to-face battle to take out one Cyclone at a time. Depending on micro and positioning, the support of Shield Batteries is usually sufficient to help Protoss to out last Terran's firepower. Bypassing Shield Battery's healing is where Widow Mine shines. Widow Mine instantly kills a Gateway unit and it renders Shield Batteries useless.

Why not reinforce with more Cyclones? Many should be aware that Widow Mine has a shorter production time than Cyclone. However, Cyclone also has a slightly faster movement speed. While all these factors contribute to the choices, the key reason is the diminishing benefit of having additional Cyclones. It is difficult to have seven Cyclones attacking effectively because of the choke at the natural. When you try to ensure those at the back are attacking too, those at the front usually get too close to the opponent. All-in-all, Widow Mine is a good choice in this scenario.

Go to:

Details

Become a Patron
  • Created by: Maxilicious  
  • Published on: Oct 30, 2018
  • Patch: 4.0.0
Show
View Real Time Build Order
Export as new Build Order

Comments (3)

On Nov. 20, 2018, 11:59 a.m., EnjoyTiny  said:

Very bad don't works good you lose the game when the push don't work!

On Nov. 3, 2018, 4:19 p.m., StormBreak3r  said:

nc and refreshing build!

On Oct. 30, 2018, 3:56 p.m., Epsilon52  said:

Thank you for the recent TY builds this month, he's a brainy player and is easily one of my main idols when it comes to Terran.

Create an account to comment!